 Dungeon Crawl Stone Soup version 0.29.1-2-gbd0b4ee654 (webtiles) character file.

Game seed: 7643845076764931397

37 qeuew the Poker (level 3, -1/28 HPs)
             Began as a Merfolk Gladiator on Nov 10, 2022.
             Slain by a gnoll
             ... wielding a +0 whip
              (6 damage)
             ... on level 2 of the Dungeon.
             The game lasted 00:01:05 (1153 turns).

qeuew the Poker (Merfolk Gladiator)                 Turns: 1153, Time: 00:01:06

Health: -1/28      AC:  4    Str: 16    XL:     3   Next: 41%
Magic:  3/3        EV: 14    Int:  7    God:
Gold:   50         SH:  0    Dex: 21    Spells: 2/2 levels left

rFire   . . .      SeeInvis .   a - +1 trident
rCold   . . .      Faith    .   (no shield)
rNeg    . . .      Spirit   .   b - +0 leather armour
rPois   .          Reflect  .   c - +0 helmet
rElec   .          Harm     .   (no cloak)
rCorr   .          Rampage  .   (no gloves)
Will    .....                   (no boots)
Stlth   ++........              (no amulet)
HPRegen 0.09/turn               i - +6 ring of dexterity
MPRegen 0.08/turn               (no ring)

@: no status effects
A: (nimble swimmer 2), mertail
a: no special abilities


You were on level 2 of the Dungeon.
You visited 1 branch of the dungeon, and saw 2 of its levels.

You collected 50 gold pieces.

Inventory:

Hand Weapons
 a - a +1 trident (weapon)
Missiles
 d - 3 throwing nets (quivered)
 e - a javelin
Armour
 b - a +0 leather armour (worn)
 c - a +0 helmet (worn)
Jewellery
 i - a +6 ring of dexterity (left hand)
Scrolls
 f - a scroll of vulnerability {unknown}
 j - a scroll of enchant weapon
Potions
 h - a potion of resistance
 k - a potion of berserk rage


   Skills:
 + Level 2.6 Fighting
 + Level 4.4 Polearms
 + Level 2.4 Throwing
 + Level 0.7 Armour
 + Level 4.4 Dodging


You had 2 spell levels left.
You didn't know any spells.
Your spell library was empty.

Dungeon Overview and Level Annotations

Branches:
Dungeon (2/15)

Altars:


Innate Abilities, Weirdness & Mutations

((You are very nimble when in or above water. (Stealth+, EV+, Speed+++)))
Your lower body shifts to a powerful aquatic tail in water.


Message History

You closely miss the rat.
The rat is heavily wounded.
The gnoll misses you. The rat bites you.
There are monsters nearby!
There are monsters nearby!
You hit the rat but do no damage.
The rat is heavily wounded.
The rat barely misses you. The gnoll closely misses you.
There are monsters nearby!
You hit the rat.
You kill the rat!
The gnoll hits you from afar with a +0 halberd.
A gnoll is nearby!
You reach to attack!
You hit the gnoll.
You kill the gnoll!
A gnoll comes into view. It is wielding a +0 whip.
You completely miss the gnoll. The gnoll hits you with a +0 whip.
You are too injured to fight recklessly!
You are too injured to fight recklessly!
You are too injured to fight recklessly!
You are too injured to fight recklessly!
You are too injured to fight recklessly!
You are too injured to fight recklessly!
You are too injured to fight recklessly!
You are too injured to fight recklessly!
You are too injured to fight recklessly!
You are too injured to fight recklessly!
You are too injured to fight recklessly!
You closely miss the gnoll. The gnoll closely misses you.
You completely miss the gnoll.
A gnoll comes into view. It is wielding a +0 spear.
The gnoll misses you.
You closely miss the gnoll. The gnoll barely misses you.
The gnoll shouts!
You completely miss the gnoll. The gnoll hits you with a +0 whip.
* * * LOW HITPOINT WARNING * * *
The gnoll hits you with a +0 spear.
* * * LOW HITPOINT WARNING * * *
The gnoll hits you with a +0 whip.
You die...

#........# .#
#.###.##.###.#####
##...#.........#
#.....##..####.#
........###..#
.#.###.##
#..####.# ... #.#
#.†.....# #.# #.#
##g###..# #. #+#
#@# # #g# #.. ####


You could see 2 gnolls.

Vanquished Creatures
  A gnoll (D:2)
  A dart slug (D:1)
  3 ball pythons
  5 endoplasms (D:1)
  3 hobgoblins
  A quokka (D:1)
  4 bats
  2 kobolds
  4 rats
24 creatures vanquished.

Notes
Turn   | Place    | Note
-------+----------+-------------------------------------------
     0 | D:1      | qeuew the Merfolk Gladiator began the quest for the Orb.
     0 | D:1      | Reached XP level 1. HP: 16/16 MP: 1/1
   262 | D:1      | Reached XP level 2. HP: 13/23 MP: 2/2
   728 | D:1      | Found a faded altar of an unknown god.
  1114 | D:2      | Reached XP level 3. HP: 28/28 MP: 3/3
  1153 | D:2      | Slain by a gnoll

Illustrated notes

Levels and vault maps discovered:
D:1:      dpeg_arrival_connections, layout_loops_ring, basic_ecumenical_altar,
          st_stairs_13, minmay_fountain_box
D:2:      layout_loops_corners

Action                   || total
-------------------------++-------
Melee: Trident           ||    84
  Use: Scroll            ||     4
 Stab: Sleeping          ||     2
Armor: Leather armour    ||    15
Dodge: Dodged            ||    43
